 Dungeon Crawl Stone Soup version 0.8.0-178-g5053f60 character file.

1734 jonathantan86 the Cleaver (level 8, -5/68 HPs)
             Began as a Minotaur Berserker on June 25, 2011.
             Was a High Priest of Trog.
             Slain by PhotoJoseph's ghost (20 damage)
             ... on Level 7 of the Dungeon.
             The game lasted 00:32:59 (5765 turns).

jonathantan86 the Cleaver (Minotaur Berserker)      Turns: 5765, Time: 00:32:59

HP  -5/68        AC 10     Str 25 Exp: 8/2061 (31), need: 710
MP   3/3         EV 10     Int  4      God: Trog [*****.]
Gold 292         SH  0     Dex 14      Spells:  0 memorised,  7 levels left

Res.Fire  : . . .   See Invis. : .   y - +0,+1 war axe
Res.Cold  : . . .   Warding    : . . M - +0 plate mail
Life Prot.: . . .   Conserve   : .   (no shield)
Res.Acid. : . . .   Res.Corr.  : .   (helmet restricted)
Res.Poison: .       Clarity    : .   r - +1 cloak
Res.Elec. : .       Spirit.Shd : .   (no gloves)
Sust.Abil.: . .     Stasis     : .   k - +0 pair of boots
Res.Mut.  : .       Ctrl.Telep.: .   (no amulet)
Res.Rott. : .       Levitation : +   z - ring of sustenance
Saprovore : . . .   Ctrl.Flight: .   (no ring)

@: invisible, exhausted, agile, levitating, very slightly glowing, slowed, very
slow, slightly resistant to hostile enchantments, extremely unstealthy
A: beak, horns 2, deformed body 1
a: Burn Spellbooks, Berserk, Trog's Hand, Brothers in Arms, Renounce Religion


You were on level 7 of the Dungeon.
You worshipped Trog.
Trog was extremely pleased with you.
You were very hungry.

You visited 1 branch of the dungeon, and saw 7 of its levels.

You collected 272 gold pieces.

Inventory:

Hand weapons
 a - a +0,+0 hand axe (quivered)
 y - a +0,+1 war axe (weapon)
Missiles
 A - 3 curare-tipped +0 needles
Armour
 b - a +0 animal skin
 j - a +0 orcish chain mail
 k - a +0 pair of boots (worn)
 r - a +1 cloak (worn)
 M - a +0 plate mail (worn)
Magical devices
 D - a wand of slowing (0)
 I - a wand of paralysis (10)
Comestibles
 c - 2 bread rations
 n - 2 chokos
 q - a banana
 P - 2 pears
 R - 2 meat rations
Scrolls
 d - 10 scrolls of identify
 f - a scroll of detect curse {unknown}
 g - 2 scrolls of curse jewellery
 l - a scroll of enchant armour {unknown}
 o - a scroll of fog
 p - a scroll of random uselessness {unknown}
 s - a scroll of blinking {unknown}
 t - a scroll of curse weapon {unknown}
 u - 2 scrolls of fear {unknown}
 v - a scroll of teleportation {unknown}
 C - a scroll of recharging {unknown}
 E - 4 scrolls of remove curse
 F - a scroll of enchant weapon II
 G - a scroll of magic mapping
 H - a scroll of immolation {unknown}
Jewellery
 z - a ring of sustenance (right hand)
 N - an uncursed ring of fire {unknown}
Potions
 h - 2 potions of restore abilities
 i - 3 potions of healing
 w - a potion of invisibility
 x - a potion of brilliance
 L - a potion of paralysis
Books
 Q - a book of Geomancy

   Spells                             Type                      Level
   Sandblast                          Earth                        1
   Stoneskin                          Transmutation/Earth          2
   Passwall                           Transmutation/Earth          3
   Stone Arrow                        Conjuration/Earth            3
   Petrify                            Transmutation/Earth          4
   Lee's Rapid Deconstruction         Earth                        5
   Trog disapproves of the use of such an item.
Carrion
 O - a hound skeleton
 S - a rat skeleton You had 31 experience left.


   Skills:
 + Level 6 Fighting
 + Level 9 Axes
 + Level 5 Armour
 + Level 4 Dodging
 + Level 2 Unarmed Combat


You had 7 spell levels left.
You didn't know any spells.

Dungeon Overview and Level Annotations

Branches:
Dungeon (7/27)             Temple (0/1) D:5
    Orc: D:6-11

Altars:
Okawaru
Sif Muna
The Shining One
Trog
Vehumet

Shops:
D:6: +


Innate Abilities, Weirdness & Mutations

You have a pair of horns on your head.
You have a beak for a mouth.
Armour fits poorly on your unusually shaped body.


Message History

PhotoJoseph's ghost barely misses you.
Drink which item? (? for menu, Esc to quit)
You feel more agile all of a sudden.
It was a potion of agility.
PhotoJoseph's ghost closely misses you. PhotoJoseph's ghost closely misses you.
PhotoJoseph's ghost hits you!
You die...

▒∙▒ ▒▒▒▒▒▒▒
▒∙▒ ▒∙∙∙∙∙▒
▒∙▒ ▒∙▒▒▒∙▒
▒∙▒ ▒∙▒▒▒∙▒
▒∙▒ ▒∙▒∙∙∙▒
▒∙▒ ▒∙▒∙▒▒▒
▒▒∙▒ ▒∙▒∙▒
∙▒∙▒ ▒∙▒∙▒
∙▒∙▒ ▒∙▒∙▒
∙∙∙▒ ▒∙▒@▒
∙▒▒▒ ▒∙▒p▒
∙▒▒▒▒▒▒∙▒∙▒
∙∙∙∙∙∙▒∙▒∙▒
▒▒▒▒▒∙▒∙▒∙▒
▒∙[∙▒∙▒
▒▒▒▒▒∙▒ ▒∙▒
▒▒▒▒▒▒▒▒▒∙▒
∙∙∙∙∙∙∙∙∙∙▒


You could see PhotoJoseph's ghost.

Vanquished Creatures
  Edmund (D:5)
  An ice beast (D:7)
  4 sky beasts
  Menkaure (D:5)
  3 ogres
  2 giant frogs
  A goliath beetle (D:2)
  2 hounds
  An orc priest (D:3)
  A scorpion (D:6)
  3 worker ants
  A goliath beetle zombie (D:6)
  A jelly (D:6)
  5 snakes
  3 giant mites
  4 worms
  A giant eyeball (D:7)
  4 giant geckos
  An ooze (D:2)
  11 orcs
  5 giant cockroaches
  18 goblins
  7 hobgoblins
  8 jackals
  12 megabats
  A quokka (D:6)
  A small snake (D:4)
  2 giant newts
  12 kobolds
  A kobold skeleton (D:6)
  A quokka zombie (D:5)
  20 rats
  2 toadstools
141 creatures vanquished.

Vanquished Creatures (others)
  A worm (D:4)
  A goblin (D:4)
2 creatures vanquished.

Grand Total: 143 creatures vanquished

Notes
Turn   | Place    | Note
--------------------------------------------------------------
     0 | D:1      | jonathantan86, the Minotaur Berserker, began the quest for the Orb.
     0 | D:1      | Reached XP level 1. HP: 17/17 MP: 0/0
    28 | D:1      | Reached skill level 4 in Axes
   551 | D:1      | Reached XP level 2. HP: 24/24 MP: 0/0
   942 | D:1      | Acquired Trog's second power
  1021 | D:2      | Found a deep blue altar of Sif Muna.
  1256 | D:2      | Reached XP level 3. HP: 28/30 MP: 1/1
  1270 | D:2      | Noticed a goliath beetle
  1657 | D:2      | Defeated a goliath beetle
  1657 | D:2      | Reached XP level 4. HP: 30/37 MP: 1/1
  2034 | D:3      | Reached skill level 5 in Axes
  2233 | D:3      | Reached XP level 5. HP: 43/45 MP: 2/2
  2905 | D:4      | Found a radiant altar of Vehumet.
  2910 | D:4      | Reached skill level 6 in Axes
  3177 | D:4      | Reached XP level 6. HP: 49/51 MP: 2/2
  3403 | D:4      | Acquired Trog's third power
  3584 | D:5      | Entered Level 5 of the Dungeon
  3702 | D:5      | Noticed Edmund
  3883 | D:5      | Defeated Edmund
  3940 | D:5      | Reached skill level 7 in Axes
  3960 | D:5      | Reached skill level 5 in Fighting
  3965 | D:5      | Reached XP level 7. HP: 29/60 MP: 3/3
  3999 | D:5      | Found a bloodstained altar of Trog.
  4086 | D:5      | Noticed Menkaure
  4098 | D:5      | Reached skill level 1 in Unarmed Combat
  4102 | D:5      | Defeated Menkaure
  4173 | D:5      | Found a staircase to the Ecumenical Temple.
  4346 | D:6      | Found Shiroopu's Book Emporium.
  4346 | D:6      | Found an iron altar of Okawaru.
  4411 | D:6      | Reached skill level 5 in Armour
  4726 | D:6      | Reached skill level 8 in Axes
  5095 | D:6      | Reached XP level 8. HP: 51/67 MP: 3/3
  5108 | D:6      | Found a glowing golden altar of the Shining One.
  5529 | D:7      | Reached skill level 9 in Axes
  5727 | D:7      | Noticed PhotoJoseph's ghost (experienced TrBe)
  5758 | D:7      | HP: 1/68 [PhotoJoseph's ghost (14)]
  5760 | D:7      | Gained mutation: You have a beak for a mouth.
  5760 | D:7      | Gained mutation: Armour fits poorly on your unusually shaped body.
  5765 | D:7      | Slain by PhotoJoseph's ghost
